 Dungeon Crawl Stone Soup version 0.25-a0-697-g890751e744 (webtiles) character file.

Game seed: 907921428134888922, levelgen mode: deterministic

6386 tilp the Slicer (level 10, -6/49 HPs)
             Began as a Vine Stalker Assassin on Apr 1, 2020.
             Was a Believer of Makhleb.
             Mangled by a komodo dragon (22 damage)
             ... on level 10 of the Dungeon.
             The game lasted 00:20:06 (8811 turns).

tilp the Slicer (Vine Stalker Assassin)             Turns: 8811, Time: 00:20:07

Health: -6/49      AC: 16    Str: 21    XL:     10   Next: 97%
Magic:  0/11       EV:  7    Int: 15    God:    Makhleb [**....]
Gold:   378        SH:  6    Dex: 19    Spells: 9/9 levels left

rFire    . . .     SeeInvis .   a - +0 rapier
rCold    . . .     Gourm    .   q - +0 buckler
rNeg     . . .     Faith    .   B - +0 plate armour
rPois    .         Spirit   +   w - +2 helmet {Int+3}
rElec    .         Reflect  .   c - +2 cloak
rCorr    .         Harm     .   (no gloves)
MR       +....                  (no boots)
Stlth    ..........             (no amulet)
HPRegen  0.56/turn              E - +6 ring of strength
MPRegen  0.12/turn              i - +2 ring of dexterity

@: no status effects
A: fangs 3, regeneration 1, magic shield, antimagic bite, no potion heal 3, rot
immunity
a: Minor Destruction, Renounce Religion


You were on level 10 of the Dungeon.
You worshipped Makhleb.
Makhleb was pleased with you.
You were not hungry.

You visited 1 branch of the dungeon, and saw 10 of its levels.

You collected 420 gold pieces.
You spent 42 gold pieces at shops.

Inventory:

Hand Weapons
 a - a +0 rapier (weapon)
 b - a +2 vorpal hunting sling
 r - a +1 antimagic whip
 L - a +2 dagger
 P - the +4 hunting sling of Togaari {freeze, +Inv Str+4 Dex+6, unknown}
   (You found it on level 8 of the Dungeon)

   It causes projectiles fired from it to freeze those they strike, causing
   extra injury to most foes and up to half again as much damage against
   particularly susceptible opponents.
   They can also slow down cold-blooded creatures.
   It affects your strength (+4).
   It affects your dexterity (+6).
   It lets you turn invisible.
 R - the +8 hunting sling of Qiczicri {vorpal, *Drain rC+ MR+ Str+3, unknown}
   (You found it on level 9 of the Dungeon)

   Any stone fired from it inflicts extra damage.
   It affects your strength (+3).
   It protects you from cold.
   It affects your resistance to hostile enchantments.
   It causes draining when unequipped.
Missiles
 d - 30 poisoned darts
 e - a curare-tipped dart
 j - 225 stones
 n - a throwing net
 s - 33 sling bullets
 t - 15 boomerangs (quivered)
Armour
 c - a +2 cloak (worn)
 q - a +0 buckler (worn)
 u - the +1 robe of the Unstoppable Hells {rN+, unknown}
   (You found it on level 7 of the Dungeon)

   It protects you from negative energy.
 w - a +2 helmet of intelligence (worn)
 B - a +0 plate armour (worn)
Jewellery
 i - a +2 ring of dexterity (right hand)
 v - a +3 ring of strength
 x - an uncursed ring of protection from cold
 C - an uncursed ring of protection from fire
 E - a +6 ring of strength (left hand)
Wands
 A - a wand of paralysis (10)
 F - a wand of polymorph (6)
 O - a wand of clouds (7)
 S - a wand of flame (14)
Scrolls
 g - 4 scrolls of teleportation
 m - 4 scrolls of remove curse
 p - 3 scrolls of magic mapping {unknown}
 y - 2 scrolls of enchant weapon {unknown}
 z - 2 scrolls of amnesia
 D - a scroll of silence {unknown}
 J - 2 scrolls of fear {unknown}
 M - a scroll of fog {unknown}
 N - 2 scrolls of identify
 Q - a scroll of brand weapon {unknown}
Potions
 h - a potion of might
 k - 3 potions of flight
 l - a potion of brilliance
 o - 2 potions of mutation
 G - a potion of invisibility
 I - 2 potions of curing
 K - a potion of stabbing {unknown}
Miscellaneous
 T - a lightning rod (4/4)
Comestibles
 f - 24 rations
 H - 4 chunks of flesh


   Skills:
 - Level 4.0 Fighting
 + Level 13.2 Short Blades
 - Level 1.7 Throwing
 - Level 2.0 Dodging
 - Level 4.8 Stealth
 - Level 4.0 Shields


You had 9 spell levels left.
You didn't know any spells.
Your spell library contained the following spells:

 Spells                   Type           Power        Failure   Level  Hunger
 Animate Skeleton         Necr           N/A          100%        1    ##.....
 Apportation              Tloc           #.....       100%        1    ##.....
 Corona                   Hex            #......      100%        1    ##.....
 Magic Dart               Conj           #...         100%        1    ##.....
 Summon Small Mammal      Summ           #...         100%        1    ##.....
 Searing Ray              Conj           #.....       100%        2    ###....
 Dazzling Flash           Conj/Hex       #.....       100%        3    ####...
 Fulminant Prism          Conj/Hex       #.........   100%        4    #####..
 Iskenderun's Mystic Bla  Conj/Tloc      #.......     100%        4    #####..


Dungeon Overview and Level Annotations

Branches:
Dungeon (10/15)            Temple (0/1) D:7            Lair (0/6) D:9
    Orc (0/2) D:9

Altars:
Ashenzari
Cheibriados
Elyvilon
Fedhas
Hepliaklqana
Makhleb
Okawaru
Qazlal
Sif Muna
Trog
Uskayaw
Vehumet
Wu Jian
Zin
The Shining One

Shops:
D:4 *

Portals:
Trove: D:10 (give 5 potions of resistance)


Innate Abilities, Weirdness & Mutations

You have razor-sharp teeth.
Your natural rate of healing is unusually fast.
When hurt, damage is shared between your health and your magic reserves.
Your bite disrupts and absorbs the magic of your enemies.
Potions cannot restore your health.
You are immune to rotting.


Message History

Unknown command.
You hit the komodo dragon but do no damage.
You bite the komodo dragon, but do no damage.
You hit the komodo dragon.
The komodo dragon is lightly wounded.
The komodo dragon bites you!!
You are too injured to fight recklessly!
You are too injured to fight recklessly!
Unknown command.
You hit the komodo dragon.
The komodo dragon is moderately wounded.
You puncture the komodo dragon!
The komodo dragon is heavily wounded.
The komodo dragon bites you!
* * * LOW HITPOINT WARNING * * *
You completely miss the komodo dragon. You bite the komodo dragon.
You drain its power.
You feel invigorated.
The komodo dragon is heavily wounded.
The komodo dragon bites you!!
You die...

........########.).....#
.................#####.# .......
########.# ....... #.# .......
#.# ....... #.#####.# .......
#######.......# .# .......
........#####.# .# #######
#######@# #.#####.# # #. #l#
#.......## # #. #.# #........##
# #. #.#####.....>...# # #.
#...............# # #.
#!.........<..∩.# # #.
#...............#
#######.########.....$O.....)###
........................O....#


You could see a komodo dragon.

Vanquished Creatures
  A two-headed ogre (D:10)
  An unseen horror (D:9)
  A hippogriff (D:8)
  6 yaks (D:9)
  A wyvern (D:9)
  A human (D:7)
  A hungry ghost (D:8)
  2 soldier ants (D:8)
  A porcupine (D:9)
  2 black bears (D:9)
  An orc warrior (D:9)
  3 ice beasts
  2 sky beasts
  2 phantoms
  A centaur (D:9)
  A big kobold (D:9)
  A wyvern zombie (D:9)
  4 bullfrogs
  4 scorpions
  A killer bee (D:6)
  8 howler monkeys
  3 crimson imps
  A bullfrog zombie (D:5)
  A quasit (D:9)
  2 centaur skeletons
  A bullfrog skeleton (D:4)
  6 hounds
  3 jellies
  7 orc wizards
  3 orc priests
  3 iguanas
  12 worker ants
  2 hound zombies
  3 hound skeletons
  Robin (D:3)
  4 gnolls (D:7)
  10 adders
  A shadow imp (D:3)
  An adder zombie (D:7)
  2 adder skeletons
  6 worms
  5 leopard geckos
  34 orcs
  A ball python (D:1)
  9 giant cockroaches
  13 goblins
  9 hobgoblins
  8 jackals
  17 kobolds
  3 quokkas
  4 bats
  7 frilled lizards
  A leopard gecko skeleton (D:4)
  2 quokka skeletons
  6 rats
  A plant (D:4)
237 creatures vanquished.

Vanquished Creatures (others)
  A fungus (D:9)
1 creature vanquished.

Grand Total: 238 creatures vanquished

Notes
Turn   | Place    | Note
-------+----------+-------------------------------------------
     0 | D:1      | tilp the Vine Stalker Assassin began the quest for the Orb.
     0 | D:1      | Reached XP level 1. HP: 11/11 MP: 2/2
   132 | D:1      | Reached XP level 2. HP: 8/16 MP: 3/3
   458 | D:2      | Found a snail-covered altar of Cheibriados,
   698 | D:2      | Found a white marble altar of Elyvilon,
   739 | D:2      | Reached XP level 3. HP: 20/20 MP: 4/4
  1200 | D:2      | Gained mutation: Your natural rate of healing is unusually
                  | fast. [Vine Stalker growth]
  1200 | D:2      | Reached XP level 4. HP: 25/25 MP: 5/5
  1434 | D:2      | Found a glowing golden altar of the Shining One,
  1669 | D:3      | Found a radiant altar of Vehumet,
  1670 | D:3      | You fall into a shaft and drop 3 floors!
  1688 | D:5      | Entered Level 5 of the Dungeon
  1713 | D:4      | Reached skill level 1 in Dodging
  1803 | D:4      | Reached XP level 5. HP: 26/29 MP: 6/6
  1808 | D:4      | Reached skill level 2 in Short Blades
  1903 | D:4      | Reached skill level 3 in Short Blades
  1938 | D:4      | Reached XP level 6. HP: 17/33 MP: 3/7
  2011 | D:4      | Found a bloodstained altar of Trog,
  2041 | D:4      | Found a shimmering blue altar of Sif Muna,
  2119 | D:4      | Reached skill level 4 in Short Blades
  2139 | D:4      | Found Footuv's General Store,
  2303 | D:4      | Bought a cursed +0 buckler for 42 gold pieces
  2399 | D:3      | Found a hazy altar of Hepliaklqana,
  2635 | D:3      | Noticed Robin
  2654 | D:3      | Killed Robin
  3028 | D:3      | Reached skill level 5 in Short Blades
  3029 | D:3      | Reached XP level 7. HP: 37/37 MP: 8/8
  3446 | D:4      | Found a blossoming altar of Fedhas,
  3449 | D:4      | Found a stormy altar of Qazlal,
  3748 | D:5      | Reached skill level 6 in Short Blades
  3971 | D:5      | Reached skill level 7 in Short Blades
  3971 | D:5      | Gained mutation: You have razor-sharp teeth. [Vine Stalker
                  | growth]
  3971 | D:5      | Reached XP level 8. HP: 30/42 MP: 9/9
  4121 | D:5      | Found a hide-covered altar of Uskayaw,
  4606 | D:6      | Reached skill level 1 in Shields
  5495 | D:7      | Found a burning altar of Makhleb,
  5503 | D:7      | Became a worshipper of Makhleb the Destroyer
  5504 | D:7      | Got an ichor-stained robe
  5609 | D:7      | Noticed a hornet
  5898 | D:7      | You fall into a shaft and drop 3 floors!
  5898 | D:10     | Entered Level 10 of the Dungeon
  5902 | D:10     | Noticed a two-headed ogre
  5910 | D:10     | Noticed a hippogriff
  5916 | D:10     | Found a portal to a secret trove of treasure,
  5919 | D:10     | Noticed a komodo dragon
  6057 | D:8      | Found an iron altar of Okawaru,
  6136 | D:7      | a hornet changed into a human
  6150 | D:7      | Reached skill level 8 in Short Blades
  6150 | D:7      | Reached XP level 9. HP: 42/45 MP: 10/10
  6200 | D:7      | Found a staircase to the Ecumenical Temple,
  6528 | D:8      | Found a glowing silver altar of Zin,
  6583 | D:8      | Found an ornate altar of the Wu Jian Council,
  6696 | D:8      | Got a twisted hunting sling
  6750 | D:8      | Reached skill level 9 in Short Blades
  7296 | D:8      | Reached skill level 10 in Short Blades
  7512 | D:9      | Reached * piety under Makhleb
  7565 | D:9      | Reached skill level 11 in Short Blades
  7565 | D:9      | Reached XP level 10. HP: 26/49 MP: 11/11
  7823 | D:9      | Got a fine hunting sling
  7912 | D:9      | Found a staircase to the Lair,
  7922 | D:9      | Reached skill level 12 in Short Blades
  7938 | D:9      | Reached ** piety under Makhleb
  8093 | D:9      | Found a shattered altar of Ashenzari,
  8223 | D:9      | Found a staircase to the Orcish Mines,
  8680 | D:9      | Killed an unseen horror
  8782 | D:10     | Killed a two-headed ogre
  8782 | D:10     | Reached skill level 13 in Short Blades
  8811 | D:10     | Mangled by a komodo dragon

Levels and vault maps discovered:
D:1:      roderic_dead_forest, layout_basic
D:2:      layout_basic, lemuel_coloured_pillars_altar, cheibriados_altar_1,
          lemuel_crystal_altar, chequers_hall_statues_wall_a,
          minmay_misc_feat_ornament
D:3:      minmay_general_purpose_star, layout_loops_ring,
          nicolae_overflow_crystal_walls, nicolae_overflow_hidden_temple,
          first_ration, uniq_robin
D:4:      layout_rooms, grunt_temple_overflow_forces_of_nature,
          marbit_many_paths, led_sif_pool, serial_shops, shop,
          chequers_serial_rivers_micro_b
D:5:      layout_loops_ring, overflow_temple_1_default,
          minmay_misc_feat_more_columns
D:6:      wad_guarded_room, layout_basic
D:7:      layout_loops_cross, minmay_temple_entry_statues_fountains,
          bloody_makhleb
D:8:      layout_basic, old_standard_altar, zin_statuary,
          hangedman_pestilent_swarm, okawaru_trees_2
D:9:      kennysheep_blocky_room, layout_long_grid, evilmike_ruin_ashenzari,
          grunt_lair_entry_orc_guard_hut
D:10:     layout_small_grid, enter_trove_1

Skill      XL: |  1  2  3  4  5  6  7  8  9 10 |
---------------+-------------------------------+-----
Fighting       | 2 3 4 |  4.0
Dodging        | 2 |  2.0
Short Blades   | 3 5 7 8 11 13 | 13.2
Shields        | 4 |  4.0
Throwing       | |  1.7
Stealth        | |  4.8

Action                   |  1- 3 |  4- 6 |  7- 9 | 10-12 || total
-------------------------+-------+-------+-------+-------++-------
Melee: Dagger            |    33 |   160 |   422 |       ||   615
       Bite              |     9 |    47 |   222 |   105 ||   383
       Rapier            |       |       |   123 |   205 ||   328
 Fire: Hunting sling     |    40 |   116 |    68 |       ||   224
Throw: Dart              |       |       |     1 |       ||     1
Evoke: Wand              |       |       |     2 |     1 ||     3
  Use: Scroll            |       |     5 |     9 |       ||    14
 Stab: Sleeping          |     2 |     2 |     1 |       ||     5
       Confused          |       |       |       |     2 ||     2
  Eat: Chunk             |     1 |     5 |    19 |     5 ||    30
Armor: Robe              |     4 |       |       |       ||     4
       Leather armour    |     5 |    54 |    27 |       ||    86
       Plate armour      |       |       |   160 |   123 ||   283
Dodge: Dodged            |    19 |   107 |    92 |    47 ||   265
Block: Buckler           |       |       |    64 |    37 ||   101

Table legend:
 A = Non-vault XP
 B = Vault XP
 C = Vault XP percentage of total XP
 D = Non-vault monster count
 E = Vault monster count
 F = Vault count percentage of total count
                 A         B        C        D         E       F
            +---------+---------+-------+---------+---------+-------
      Total |    7196 |    1927 |  21.1 |     196 |      40 |  16.9
            +---------+---------+-------+---------+---------+-------
        D:1 |      16 |       0 |   0.0 |      10 |       0 |   0.0
        D:2 |      86 |       0 |   0.0 |      24 |       0 |   0.0
        D:3 |     142 |      36 |  20.2 |      34 |      13 |  27.7
        D:4 |     391 |       5 |   1.3 |      21 |       1 |   4.5
        D:5 |     648 |       0 |   0.0 |      27 |       0 |   0.0
        D:6 |     214 |     420 |  66.2 |       9 |      11 |  55.0
        D:7 |     557 |       0 |   0.0 |      15 |       0 |   0.0
        D:8 |     743 |     339 |  31.3 |      10 |       4 |  28.6
        D:9 |    3355 |    1127 |  25.1 |      42 |      11 |  20.8
       D:10 |    1044 |       0 |   0.0 |       4 |       0 |   0.0
            +---------+---------+-------+---------+---------+-------
